 Dungeon Crawl Stone Soup version 0.28-a0-1395-g4f6bc678fa (webtiles) character file.

Game seed: 16117551368411025018

53 ox1011 the Chopper (level 3, -7/34 HPs)
             Began as a Minotaur Berserker on Jan 4, 2022.
             Was a Follower of Trog.
             Mangled by a gnoll (14 damage)
             ... on level 2 of the Dungeon.
             The game lasted 00:21:05 (898 turns).

ox1011 the Chopper (Minotaur Berserker)              Turns: 898, Time: 00:21:06

Health: -7/34      AC:  2    Str: 23    XL:     3   Next: 62%
Magic:  2/2        EV: 12    Int:  4    God:    Trog [*.....]
Gold:   51         SH:  0    Dex:  9    Spells: 2/2 levels left

rFire   . . .      SeeInvis .   a - +0 hand axe
rCold   . . .      Faith    .   g - orb {light}
rNeg    . . .      Spirit   .   b - +0 animal skin
rPois   .          Reflect  .   (helmet restricted)
rElec   .          Harm     .   (no cloak)
rCorr   .          Rampage  .   (no gloves)
Will    .....                   (no boots)
Stlth   +.........              (no amulet)
HPRegen 0.11/turn               (no ring)
MPRegen 0.08/turn               (no ring)

@: on berserk cooldown, slowed, glowing, studying Transmutations, very slow
A: horns 2, retaliatory headbutt
a: Renounce Religion, Berserk


You were on level 2 of the Dungeon.
You worshipped Trog.
Trog was aware of your devotion.
You visited 1 branch of the dungeon, and saw 2 of its levels.

You collected 51 gold pieces.

Inventory:

Hand Weapons
 a - a +0 hand axe (weapon)
 h - a +0 dagger
 i - a +0 hand axe
Missiles
 c - 40 stones (quivered)
 d - 14 arrows
 e - 12 bolts
Armour
 b - a +0 animal skin (worn)
 g - an orb of light (worn)
Scrolls
 f - a scroll of blinking {unknown}
 j - a scroll of acquirement {unknown}


   Skills:
 + Level 4.3 Fighting
 + Level 4.7 Axes
 + Level 2.6 Armour
 + Level 2.4 Dodging
 + Level 0.1 Stealth


You had 2 spell levels left.
You didn't know any spells.
Your spell library was empty.

Dungeon Overview and Level Annotations

Branches:
Dungeon (2/15)

Altars:


Innate Abilities, Weirdness & Mutations

You have a pair of horns on your head.
You reflexively headbutt those who attack you in melee.


Message History

You slash the gnoll!
You kill the gnoll!
Trog accepts your kill.
You slash the goblin!
You kill the goblin!
Trog accepts your kill.
You feel a strong urge to attack something.
Cleave: a) +0 hand axe
Press: ? - help, Dir - move target
Okay, then.
Press: ? - help, v - describe, . - travel, g - get item
Items here: a +0 dagger; a +0 club; a +0 dagger.
The floor.
This square is lit by a halo.
You feel your anger nearly subside.
You are no longer berserk.
You are exhausted.
You feel yourself slow down.
Things that are here:
a +0 dagger; a +0 club; a +0 dagger A gnoll comes into view.
It is wielding a +1 vorpal halberd.
Press: ? - help, v - describe, . - travel The floor.
This square is lit by a halo.
Cleave: a) +0 hand axe
Press: ? - help, Dir - move target Your weapon can't reach that far!
Okay, then.
Press: ? - help, v - describe, . - travel The floor.
Things that are here:
a +0 dagger; a +0 club; a +0 dagger
Okay, then.
The gnoll misses you.
Found a scroll labelled YBOCWI WIOTT.
The gnoll hits you from afar with a +1 vorpal halberd!
Okay, then.
The gnoll hits you from afar with a +1 vorpal halberd.
* * * LOW HITPOINT WARNING * * *
x2 The gnoll hits you from afar with a +1 vorpal halberd!
You die...

.......### .......#
....<..###
<........######
.........)....###
<......####.....###
......## ###.#...##
. ......##
#.g##..#?...
.......#
##..@.......
.......#
#######....
......># . .......#
.......# ......##
.....## ######


You could see a gnoll.

Vanquished Creatures
  A gnoll (D:2)
  A dart slug (D:1)
  An endoplasm (D:1)
  3 giant cockroaches (D:1)
  6 goblins
  4 hobgoblins (D:1)
  4 jackals (D:1)
  A kobold (D:1)
  2 quokkas (D:1)
  7 ball pythons (D:1)
  3 bats
  2 rats
35 creatures vanquished.

Notes
Turn   | Place    | Note
-------+----------+-------------------------------------------
     0 | D:1      | ox1011 the Minotaur Berserker began the quest for the Orb.
     0 | D:1      | Reached XP level 1. HP: 19/19 MP: 0/0
   173 | D:1      | Reached XP level 2. HP: 16/27 MP: 1/1
   544 | D:1      | Reached XP level 3. HP: 33/33 MP: 2/2
   830 | D:1      | You fall into a shaft and drop 1 floor!
   874 | D:2      | Reached ** piety under Trog
   898 | D:2      | Mangled by a gnoll

Illustrated notes

Levels and vault maps discovered:
D:1:      dpeg_arrival_stone_temple_mockup, layout_basic
D:2:      layout_rooms, shapermc_ecumenical_altar_starsandcircs, uniq_robin

Skill      XL: |  1  2 |
---------------+-------+-----
Axes           | 4 |  4.7
Fighting       | 4 |  4.3
Armour         | |  2.6
Dodging        | |  2.4
Stealth        | |  0.1

Action                   || total
-------------------------++-------
Melee: Hand axe          ||    62
       Headbutt          ||    10
Invok: Berserk           ||     2
Armor: Animal skin       ||     7
Dodge: Dodged            ||    32

Table legend: (Time is in decaauts)
 A = Elapsed time spent in this place.
 B = Non-inter-level travel time spent in this place.
 C = Inter-level travel time spent in this place.
 D = Time resting spent in this place.
 E = Time spent auto-exploring this place.
 F = Levels seen in this place.
 G = Mean time per level.
                   A        B        C        D        E       F      G
               +--------+--------+--------+--------+--------+-----+--------+
         Total |    917 |    915 |      2 |      0 |    189 |   2 |  458.5 |
       Dungeon |    917 |    915 |      2 |      0 |    189 |   2 |  458.5 |
               +--------+--------+--------+--------+--------+-----+--------+

Top non-repeatable levels by time:
     D:1: 844 daAuts
     D:2: 73 daAuts
